cohdb
Replays
Latest Replays
All Replays
Popular Replays
Top Player Replays
Match Explorer
How It Works
Community
CoH3 Stats
Reddit
Sign in to upload your games and track your stats! →
Sign in with Steam
Match 41201531
Unlisted
Match 41201531
Overview
Messages
Build Orders
End
Engineer Squad
Construct Barracks
Selects Special Operations Battlegroup
Riflemen Squad
Riflemen Squad
Grenade Package
Construct Weapon Support Center
Construct Medical Station
M1919 Machine Gun Team
Selects Raiding Flares
Bazooka Squad
Mechanized Support Center
M3 Armored Personnel Carrier
M3 Armored Personnel Carrier
Designate Forward Repair Station
M3 Armored Personnel Carrier
Selects SSF Commando Squad
SSF Commando Squad
Engineer Squad
Selects M29 Weasel Recon Vehicle
Selects Mark Vehicle
Selects UNKNOWN (2162291)
Mark Vehicle
SSF Commando Squad
Mark Vehicle
Construct Tank Depot
Mark Vehicle
M4A1 Sherman Medium Tank
Raiding Flares
Mark Vehicle
M4A1 76mm Conversion
Selects Air Re-supply Operation
Mark Vehicle
Raiding Flares
Mark Vehicle
M4A1 Sherman Whizbang
M1918 Browning Automatic Rifles
Raiding Flares
$Zwaridel$
Koning Cor
joker
Cyone
[HAN]Diederick Kastner
lazhadeg
Mustache and Melons
[PCI] Budha
0
0
Comments
sign in to comment!
No comments posted yet!